 Dungeon Crawl Stone Soup version 0.29.1-12-g30fa7ad0bf (webtiles) character file.

Game seed: 678772387909850218

39 ThaarZanell the Trooper (level 3, -1/30 HPs)
             Began as a Demonspawn Berserker on Dec 28, 2022.
             Was a Believer of Trog.
             Slain by Robin
             ... wielding a +0 mace
              (3 damage)
             ... on level 2 of the Dungeon.
             The game lasted 00:02:45 (1261 turns).

ThaarZanell the Trooper (Demonspawn Berserker)      Turns: 1261, Time: 00:02:46

Health: -1/30      AC:  3    Str: 19    XL:     3   Next: 26%
Magic:  3/3        EV: 12    Int:  8    God:    Trog [**....]
Gold:   66         SH:  0    Dex: 12    Spells: 2/2 levels left

rFire   . . .      SeeInvis .   a - +0 mace
rCold   . . .      Faith    .   (no shield)
rNeg    . . .      Spirit   .   b - +0 animal skin
rPois   .          Reflect  .   (no helmet)
rElec   .          Harm     .   f - +0 cloak
rCorr   .          Rampage  .   (no gloves)
Will    .....                   (no boots)
Stlth   +.........              (no amulet)
HPRegen 0.10/turn               (no ring)
MPRegen 0.08/turn               (no ring)

@: on berserk cooldown, slowed, very slow
A: foul stench 1, demonic magic 1
a: Renounce Religion, Berserk, Trog's Hand


You were on level 2 of the Dungeon.
You worshipped Trog.
Trog was pleased with you.
You visited 1 branch of the dungeon, and saw 2 of its levels.

You collected 66 gold pieces.

Inventory:

Hand Weapons
 a - a +0 mace (weapon)
Armour
 b - a +0 animal skin (worn)
 f - a +0 cloak (worn)
Scrolls
 c - a scroll of teleportation {unknown}
 d - a scroll of immolation {unknown}
 h - a scroll of identify {unknown}
 i - a scroll of amnesia {unknown}
 j - a scroll of vulnerability {unknown}
 k - 2 scrolls of enchant weapon {unknown}
Potions
 e - a potion of curing {unknown}
 g - a potion of attraction {unknown}
 l - a potion of berserk rage {unknown}
 m - a potion of haste {unknown}


   Skills:
 + Level 3.7 Fighting
 + Level 3.2 Maces & Flails
 + Level 1.8 Armour
 + Level 2.0 Dodging


You had 2 spell levels left.
You didn't know any spells.
Your spell library was empty.

Dungeon Overview and Level Annotations

Branches:
Dungeon (2/15)

Altars:

Shops:
D:1 *

Annotations:
D:2 Robin


Innate Abilities, Weirdness & Mutations

You may rarely emit foul miasma when damaged in melee.
Spells you cast may paralyse adjacent enemies.


Message History

You miss the goblin. The goblin hits you with a +0 dagger.
The goblin barely misses you. The goblin closely misses you.
The goblin barely misses you. The goblin hits you but does no damage.
You hit the goblin.
You kill the goblin!
Trog accepts your kill. The goblin barely misses you.
The goblin hits you but does no damage. The goblin misses you.
The goblin barely misses you.
You barely miss the goblin. The goblin hits you with a +0 club.
The goblin closely misses you. The goblin hits you but does no damage.
The goblin closely misses you. The goblin misses you.
Robin says, "Feeling lonely?"
The goblin misses you.
You barely miss the goblin. The goblin misses you.
The goblin hits you with a +0 dagger.
You emit a cloud of foul miasma!
The goblin barely misses you. The goblin hits you with a +0 club.
The goblin closely misses you.
The goblin is engulfed in dark miasma.
The goblin is poisoned.
The goblin misses you.
You barely miss the goblin.
The goblin is severely wounded.
You kill the goblin!
Trog accepts your kill. The goblin closely misses you. The goblin misses you.
The goblin closely misses you. The goblin hits you but does no damage.
The goblin no longer looks unusually strong.
The goblin unwields a +0 club.
The goblin wields a +0 sling.
The goblin shoots a sling bullet.
The sling bullet closely misses you. The goblin hits you with a +0 club.
* * * LOW HITPOINT WARNING * * *
Robin says, "Duck!"
Items here: ))))) ††.
You hit Robin.
Robin is moderately wounded.
The goblin no longer looks unusually strong.
The goblin hits you but does no damage. Robin hits you with a +0 mace.
* * * LOW HITPOINT WARNING * * *
The goblin barely misses you. The goblin hits you with a +0 club.
* * * LOW HITPOINT WARNING * * *
Robin hits you with a +0 mace.
You die...

######### #
#gg...... #. #@#
#. #g###
#..#g..#####
##.###..#........
...........#####
#......#.###
#..#...#.#
####..#^# #.#
......#.###.#


You could see Robin and 3 goblins.

Vanquished Creatures
  3 endoplasms (D:1)
  3 giant cockroaches (D:1)
  6 goblins
  A hobgoblin (D:1)
  2 kobolds (D:1)
  4 quokkas
  5 ball pythons (D:1)
  4 bats
  5 rats (D:1)
33 creatures vanquished.

Notes
Turn   | Place    | Note
-------+----------+-------------------------------------------
     0 | D:1      | ThaarZanell the Demonspawn Berserker began the quest for
                  | the Orb.
     0 | D:1      | Reached XP level 1. HP: 18/18 MP: 1/1
   191 | D:1      | Gained mutation: You may rarely emit foul miasma when
                  | damaged in melee. [demonic ancestry]
   191 | D:1      | Reached XP level 2. HP: 24/24 MP: 2/2
   547 | D:1      | Found Fyromeumn's Assorted Antiques.
   552 | D:1      | Reached ** piety under Trog
   614 | D:1      | You fall into a shaft and drop 1 floor!
   994 | D:1      | Gained mutation: Spells you cast may paralyse adjacent
                  | enemies. [demonic ancestry]
   994 | D:1      | Reached XP level 3. HP: 29/29 MP: 3/3
  1251 | D:2      | Noticed Robin
  1261 | D:2      | Slain by Robin

Illustrated notes

Levels and vault maps discovered:
D:1:      dpeg_arrival_ternary, layout_rooms, serial_co_window_serial,
          co_window_cross_1, co_window_corner_a, co_window_paths_b,
          co_window_of_opportunity_a, co_window_corner_a, co_window_cross_3,
          co_window_broadway_a, co_window_of_opportunity_c, co_window_cross_3,
          co_window_2corner, co_window_4corner_b, glass_columns_b,
          glass_columns_c, glass_columns_b, serial_shops,
          nicolae_shop_overgrown_old_shop
D:2:      layout_loops_ring, uniq_jessica, uniq_robin

Skill      XL: |  1  2 |
---------------+-------+-----
Maces & Flails | 3 |  3.2
Dodging        | 2 |  2.0
Fighting       | |  3.7
Armour         | |  1.8

Action                   || total
-------------------------++-------
Melee: Mace              ||    78
       Punch             ||     2
Invok: Berserk           ||     1
Armor: Animal skin       ||    38
Dodge: Dodged            ||    94
